AoeStats
← tan_boi

Nomad

510049837Analyzed
4v4 RM · 3d ago on Sep 29, 2026· 54m 8s· 8 players
Game mode
Random Map
Map size
231×231
Population
200
Speed
Normal
Resources
Standard
Victory
Conquest
Starting age
Dark Age
Ending age
Imperial Age
RankedLock teamsTeams togetherTeam positionsShared explorationLock speedFull tech treeHidden civsTurbo modeCheats
Victory
Defeat
🇮🇪 Britons · Ireland
633
+8
🇨🇳 Italians · China
560
+11
🇨🇳 Dravidians · China
516
+13
🇨🇳 Georgians · China
362
+18
🇺🇸 Inca · United States
513
-16
🇺🇸 Romans · United States
461
-13
🇺🇸 Koreans · United States
409
-11
🇺🇸 Shu · United States
374
-10
Rwibby
10:30 Loom
16:25 Feudal Age
19:49 Double-Bit Axe
21:14 Fishing Lines
24:30 Fletching
26:01 Scale Barding Armor
31:55 Castle Age
30:18 Forging
31:07 Padded Archer Armor
31:41 Stone Mining
31:42 Gold Mining
33:20 Husbandry
35:20 Gold Shaft Mining
34:28 Horse Collar
35:25 Wheelbarrow
34:58 Murder Holes
38:31 Iron Casting
41:41 Fortified Wall
44:47 Ballistics
45:57 Hand Cart
47:03 Leather Archer Armor
48:17 Chain Barding Armor
48:28 Town Watch
48:56 Bodkin Arrow
48:45 Treadmill Crane
54:40 Imperial Age
53:15 Fortified Wall
53:16 Masonry
LAI32
19:27 Loom
21:15 Feudal Age
27:57 Man-at-Arms
30:32 Fishing Lines
53:37 Double-Bit Axe
604569544
19:31 Feudal Age
30:37 Town Watch
39:21 Castle Age
おに惨
3:48 Loom
21:48 Feudal Age
27:30 Castle Age
28:50 Wheelbarrow
28:01 Town Watch
28:05 Double-Bit Axe
28:11 Gold Mining
28:11 Stone Mining
29:39 Bow Saw
29:49 Hand Cart
30:16 Scale Barding Armor
38:43 Chain Barding Armor
38:34 Forging
39:06 Town Patrol
40:33 Stone Shaft Mining
41:27 Iron Casting
41:34 Husbandry
44:17 Horse Collar
44:55 Fishing Lines
48:03 Imperial Age
49:00 Ballistics
48:52 Clinker Construction
48:54 Careening
48:40 Murder Holes
49:47 Chemistry
49:38 Hoardings
50:11 Heavy Plow
TenderCrust5
14:05 Feudal Age
14:07 Man-at-Arms
22:50 Scale Mail Armor
26:47 Castle Age
25:55 Gold Mining
26:55 Fishing Lines
27:17 Fletching
Jarvis
3:50 Loom
15:01 Feudal Age
16:43 Man-at-Arms
19:53 Forging
19:43 Scale Mail Armor
25:44 Double-Bit Axe
25:43 Horse Collar
25:55 Gold Mining
32:21 Castle Age
31:47 Stone Mining
35:05 Fervor
35:06 Redemption
34:24 Long Swordsman
35:05 Squires
35:11 Squires
35:57 Iron Casting
35:37 Chain Mail Armor
35:35 Ballistas
36:27 Pikeman
42:25 Bow Saw
tan_boi
Biscuit
5:21 Loom
20:04 Feudal Age
20:57 Arson
20:54 Champi Runner
26:25 Town Watch
42:20 Castle Age
41:11 Double-Bit Axe
41:07 Horse Collar
41:19 Gold Mining
50:22 Town Patrol
Connection lost

Rejoining the realm…

Still unreachable

The connection could not be restored.

Session expired

The server has moved on; the page needs a fresh start.